 Dungeon Crawl Stone Soup version 0.19.0-19-g8c6edcc (webtiles) character file.

131 Rrauwl the Insei (level 4, 0/40 HPs)
             Began as a Draconian Monk on Nov 13, 2016.
             Succumbed to a worker ant's poison
             ... on level 3 of the Dungeon.
             The game lasted 00:12:46 (1525 turns).

Rrauwl the Insei (Draconian Monk)                   Turns: 1525, Time: 00:12:47

Health: 0/40       AC:  5    Str: 11 (14) XL:     4   Next: 91%
Magic:  6/6        EV: 13    Int: 14 (15) God:
Gold:   122        SH:  0    Dex: 12 (14) Spells: 0 memorised, 6 levels left

rFire  + . .     SeeInvis .       - Unarmed
rCold  . . .     Gourm    .     (armour unavailable)
rNeg   . . .     Faith    .     (no shield)
rPois  .         Spirit   .     (helmet restricted)
rElec  .         Reflect  .     (no cloak)
rCorr  .         Harm     .     (no gloves)
MR     .....                    (no boots)
Stlth  ++........               (no amulet)
                                i - ring of protection from fire
                                d - +5 ring of intelligence

@: lethally poisoned (0 -> -14)
A: unfitting armour, cold-blooded, AC +5
a: no special abilities


You were on level 3 of the Dungeon.
You were not hungry.

You visited 1 branch of the dungeon, and saw 3 of its levels.

You collected 122 gold pieces.

Inventory:

Missiles
 f - 54 arrows
 g - 20 sling bullets
 h - 88 stones (quivered)
Jewellery
 d - a +5 ring of intelligence (left hand)
 i - a ring of protection from fire (right hand)
Scrolls
 e - a scroll of identify
 j - 2 scrolls of remove curse
Comestibles
 a - 2 bread rations
 b - 2 meat rations
 c - 4 chunks of flesh
 k - a slice of pizza
 l - a beef jerky


   Skills:
 + Level 3.8 Fighting
 + Level 3.3 Dodging
 - Level 1.7 Stealth
 + Level 4.2 Unarmed Combat
 * Level 1.9 Spellcasting


You had 6 spell levels left.
You didn't know any spells.

Dungeon Overview and Level Annotations

Branches:
Dungeon (3/15)

Altars:

Annotations:
D:3 Rrauwl's ghost, amateur DrCj


Innate Abilities, Weirdness & Mutations

Your plain brown scales are hard. (AC +5)
You cannot fit into any form of body armour.
You are cold-blooded and may be slowed by cold attacks.


Message History

You feel sick.
The worker ant waves its antennae.
The worker ant bites you but does no damage.
The worker ant bites you.
* * * LOW HITPOINT WARNING * * *
You are more poisoned.
The worker ant poisons you!
You hit the worker ant but do no damage.
The worker ant is heavily wounded.
* * * LOW HITPOINT WARNING * * *
You feel sick. The worker ant closely misses you.
You closely miss the worker ant.
The worker ant is heavily wounded.
* * * LOW HITPOINT WARNING * * *
You feel sick. The worker ant bites you.
* * * LOW HITPOINT WARNING * * *
* * * LOW HITPOINT WARNING * * *
You feel sick.
The worker ant waves its antennae.
You die...

##.......###
#......!....
#.........#
#.........#
#.........##
#...........
#..a......#
#.........# ##
#..@....>.# ###...
#.......รท.##....
#.........#[.#
##..........#
##.......###
#...##..##
#####...#....######
#...#.....##......###
#.......#########...##


You could see a worker ant.

Vanquished Creatures
  Robin (D:3)
  6 adders (D:2)
  2 worms (D:2)
  An orc (D:3)
  4 giant cockroaches
  14 goblins
  7 hobgoblins
  5 jackals
  6 kobolds
  2 ball pythons
  4 bats
  4 frilled lizards
  5 rats
61 creatures vanquished.

Notes
Turn   | Place    | Note
-------+----------+-------------------------------------------
     0 | D:1      | Rrauwl the Draconian Monk began the quest for the Orb.
     0 | D:1      | Reached XP level 1. HP: 19/19 MP: 1/1
     2 | D:1      | Noticed a merfolk
     2 | D:1      | Noticed a formicid
     4 | D:1      | Noticed a ghoul
     4 | D:1      | Noticed an elf
     6 | D:1      | Noticed an octopode
     6 | D:1      | Noticed a spriggan
     8 | D:1      | Noticed a troll
     8 | D:1      | Noticed a naga
    10 | D:1      | Noticed a human
    12 | D:1      | Noticed a felid
    12 | D:1      | Noticed a vampire
    14 | D:1      | Noticed a gargoyle
    14 | D:1      | Noticed a vine stalker
    16 | D:1      | Noticed a halfling
    18 | D:1      | Noticed an ogre
    18 | D:1      | Noticed a demonspawn
    21 | D:1      | Noticed a demigod
    21 | D:1      | Noticed a draconian
    23 | D:1      | Noticed a minotaur
    23 | D:1      | Noticed a centaur
    25 | D:1      | Noticed a tengu
    27 | D:1      | Noticed a dwarf
   170 | D:1      | Reached XP level 2. HP: 26/26 MP: 2/2
   494 | D:2      | Reached skill level 1 in Spellcasting
   527 | D:2      | Reached XP level 3. HP: 31/31 MP: 4/4
   780 | D:2      | Reached XP level 4. HP: 31/40 MP: 4/6
  1002 | D:2      | Reached skill level 4 in Unarmed Combat
  1074 | D:3      | Noticed Robin
  1109 | D:3      | Killed Robin
  1358 | D:3      | Noticed Rrauwl's ghost (amateur DrCj)
  1524 | D:3      | HP: 1/40 [poisoned by a worker ant]
  1525 | D:3      | Succumbed to a worker ant's poison

Skill      XL: |  1  2  3  4 |
---------------+-------------+-----
Spellcasting   | 1 |  1.9
Dodging        | 3 |  3.3
Unarmed Combat | 4 |  4.2
Fighting       | |  3.8
Stealth        | |  1.7

Action                   |  1- 3 |  4- 6 || total
-------------------------+-------+-------++-------
Melee: Unarmed           |   101 |   115 ||   216
       Punch             |     3 |     3 ||     6
       Tailslap          |    13 |     9 ||    22
  Use: Scroll            |     4 |     1 ||     5
       Potion            |     1 |     2 ||     3
 Stab: Sleeping          |     3 |       ||     3
  Eat: Chunk             |       |     2 ||     2
Armor: Skin              |    17 |    24 ||    41
Dodge: Dodged            |    73 |    65 ||   138
